Map: Alcyone LE

Players

A.I. 2 (Very Easy) - Winner!

  • Race: Zerg Zerg
  • Spawn Location: 1:00

Amigo

  • Race: Terran Terran
  • Spawn Location: 7:00

VOD

Have the link to the VOD?

Description

Time

  • Played on: Aug. 31, 2024, 11:34 a.m.
  • Length: 8:22
Show
View Real Time Build Order
Export as new Build Order

A.I. 2 (Very Easy) Zerg - Winner!

Build Orders: Hatch First 

Get SALT Encoding   

  12  0:01  Drone  
  13  0:12  Overlord  
  13  0:16  Drone  
  14  0:42  Hatchery  
  14  0:45  Drone  
  14  1:05  Spawning Pool  
  14  1:06  Extractor  
  14  1:08  Drone  
  13  1:15  Drone  
  14  1:21  Overlord  
  14  1:52  Zergling x2, Queen  
  17  1:54  Zergling x2  
  17  2:00  Roach Warren  
  17  2:06  Drone  
  18  2:09  Extractor  
  18  2:13  Drone  
  18  2:18  Zergling x2  
  19  2:23  Drone  
  20  2:30  Drone  
  21  2:37  Drone  
  22  2:44  Drone  
  23  2:51  Drone  
  24  2:58  Drone  
  25  3:05  Drone  
  25  3:08  Roach  
  25  3:11  Overlord  
  28  3:16  Drone  
  29  3:23  Drone  
  29  3:30  Drone  
  30  3:37  Drone  
  31  3:45  Overlord, Drone  
  32  3:52  Drone, Lair  
  33  3:58  Roach  
  35  4:03  Drone  
  36  4:10  Drone  
  37  4:17  Drone  
  38  4:24  Drone  
  39  4:31  Drone  
  40  4:39  Drone  
  40  4:40  Overlord  
  41  4:46  Drone  
  41  4:48  Roach  
  41  4:51  Overseer  
  41  4:52  Overseer  
  44  4:53  Drone  
  44  4:56  Extractor  
  44  5:00  Drone  
  44  5:04  Extractor  
  44  5:08  Drone  
  43  5:16  Drone  
  38  5:23  Drone  
  38  5:25  Queen  
  35  5:30  Drone  
  24  5:38  Drone, Roach  
  13  5:48  Drone  
  9  6:02  Drone  
  8  6:09  Drone  
  7  6:28  Zergling x2  
  7  6:30  Drone  
  9  6:37  Drone  
  10  6:44  Queen  
  10  6:45  Drone  
  9  6:52  Drone  
  7  6:56  Zergling x2  
  7  7:00  Drone  
  5  7:07  Drone x2  
  6  7:16  Drone  
  5  7:25  Zergling x2  
  5  7:30  Drone  
  5  7:32  Drone  
  3  7:42  Drone  
  1  7:53  Drone  
  1  8:04  Drone  
Show
View Real Time Build Order
Export as new Build Order

Amigo Terran 

Build Orders: Liberator Opening, Reaper Expand 

Get SALT Encoding   

  12  0:00  SCV  
  13  0:12  SCV  
  14  0:17  Supply Depot  
  14  0:25  SCV  
  15  0:38  SCV  
  15  0:40  Barracks  
  16  0:46  Refinery  
  16  0:51  SCV  
  17  1:03  SCV  
  18  1:15  SCV  
  19  1:29  Reaper  
  19  1:30  Orbital Command  
  20  1:44  Command Center  
  20  1:50  Supply Depot  
  20  1:56  SCV  
  20  2:01  Marine  
  22  2:07  Factory  
  22  2:10  SCV  
  23  2:16  Refinery  
  23  2:22  SCV  
  24  2:24  Barracks Reactor  
  24  2:34  SCV  
  25  2:46  SCV  
  26  2:54  Starport  
  26  2:58  SCV  
  27  2:59  Orbital Command  
  27  3:07  Hellion x2  
  27  3:09  Barracks Tech Lab  
  27  3:10  SCV  
  32  3:22  SCV  
  33  3:28  Hellion x2  
  33  3:30  SCV  
  33  3:34  Liberator  
  38  3:35  Supply Depot, SCV  
  42  3:42  SCV  
  42  3:47  SCV  
  44  3:50  Hellion  
  44  3:52  Armory  
  46  3:57  Hellion, SCV  
  46  3:59  Supply Depot, SCV  
  50  4:09  SCV  
  51  4:11  Hellion, SCV  
  51  4:16  Supply Depot  
  54  4:21  Hellion, SCV  
  54  4:22  Stimpack  
  54  4:23  SCV  
  58  4:24  Starport Reactor  
  58  4:33  SCV  
  58  4:35  SCV  
  60  4:45  SCV  
  61  4:47  SCV  
  61  4:48  Command Center  
  61  4:52  Factory Reactor  
  62  4:57  SCV  
  62  4:58  Barracks  
  62  4:59  SCV  
  64  5:00  Engineering Bay x2  
  64  5:01  Barracks  
  64  5:09  SCV  
  64  5:11  SCV  
  65  5:17  Barracks x2  
  65  5:21  SCV  
  65  5:23  SCV  
  67  5:28  Starport Reactor  
  67  5:33  SCV  
  67  5:35  Refinery x2  
  68  5:36  Supply Depot, SCV  
  68  5:37  Terran Infantry Armor Level 1, Factory Tech Lab  
  68  5:40  Terran Infantry Weapons Level 1  
  69  5:46  SCV  
  70  5:58  SCV x2  
  70  6:01  Combat Shield  
  72  6:06  Siege Tank  
  72  6:10  SCV x2  
  77  6:15  Supply Depot, Armory  
  77  6:16  Barracks Reactor  
  77  6:18  Barracks x2  
  77  6:19  Barracks  
  77  6:22  SCV x2  
  77  6:23  Orbital Command  
  77  6:24  Marine x3  
  77  6:25  Marine x2  
  82  6:34  SCV x2  
  82  6:35  Medivac x2  
  82  6:38  Siege Tank  
  91  6:42  Marine x4  
  91  6:46  SCV x2  
  97  6:49  Supply Depot x2, SCV  
  96  7:01  Marine x5  
  101  7:11  Medivac x2, Siege Tank, Marine x4  
  101  7:13  Supply Depot  
  101  7:15  Supply Depot x2  
  112  7:17  Supply Depot  
  112  7:19  Marine x5  
  117  7:24  Marine  
  117  7:25  Marine  
  117  7:35  Marine  
  118  7:37  Marine x8  
  118  7:42  Medivac  
  128  7:45  Medivac  
  128  7:46  Marine x3  
  131  7:52  Supply Depot  
  131  7:53  Supply Depot, Marine  
  131  7:54  Supply Depot  
  131  7:55  Marine x2  
  131  7:56  Marine x6  
Tags
 
Add a new tag
Caveats
  • Supply blocks, unpowered buildings, or Contaminate may cause inaccurate times.
  • Supply counts are checked every 10 seconds.